 Dungeon Crawl Stone Soup version 0.25-a0-700-g7f8a797 (webtiles) character file.

Game seed: 14004500690002116418, levelgen mode: deterministic

79 robertstho the Poker (level 4, -1/37 HPs)
             Began as a Merfolk Monk on Apr 2, 2020.
             Slain by a worker ant (5 damage)
             ... on level 3 of the Dungeon.
             The game lasted 00:01:50 (1752 turns).

robertstho the Poker (Merfolk Monk)                 Turns: 1752, Time: 00:01:50

Health: -1/37      AC:  3    Str: 12    XL:     4   Next: 37%
Magic:  4/4        EV: 15    Int:  9    God:
Gold:   137        SH:  0    Dex: 16    Spells: 3/3 levels left

rFire    . . .     SeeInvis .   a - +0 spear
rCold    . . .     Gourm    .   (no shield)
rNeg     . . .     Faith    .   b - +0 robe
rPois    .         Spirit   .   (no helmet)
rElec    .         Reflect  .   (no cloak)
rCorr    .         Harm     .   (no gloves)
MR       .....                  i - +0 pair of boots
Stlth    ++........             (no amulet)
HPRegen  0.12/turn              (no ring)
MPRegen  0.09/turn              (no ring)

@: lethally poisoned (-1 -> -5)
A: change form in water, swift swim, stealthy swim
a: no special abilities


You were on level 3 of the Dungeon.
You were hungry.

You visited 1 branch of the dungeon, and saw 3 of its levels.

You collected 137 gold pieces.

Inventory:

Hand Weapons
 a - a +0 spear (weapon)
Armour
 b - a +0 robe (worn)
 i - a +0 pair of boots (worn)
Jewellery
 k - an uncursed ring of protection from cold {unknown}
Scrolls
 d - a scroll of enchant weapon {unknown}
 f - 4 scrolls of remove curse {unknown}
 g - a scroll of amnesia {unknown}
 h - 2 scrolls of teleportation {unknown}
 l - 3 scrolls of identify {unknown}
 m - a scroll of random uselessness {unknown}
 o - 3 scrolls of fear {unknown}
Potions
 e - 2 potions of flight {unknown}
 j - a potion of curing {unknown}
 n - a potion of might {unknown}
Comestibles
 c - 5 rations


   Skills:
 + Level 3.8 Fighting
 + Level 5.8 Polearms
 + Level 4.9 Dodging
 + Level 2.5 Stealth


You had 3 spell levels left.
You didn't know any spells.
Your spell library was empty.

Dungeon Overview and Level Annotations

Branches:
Dungeon (3/15)

Altars:
Ashenzari


Message History

The worker ant is severely wounded.
You feel sick.
The worker ant bites you but does no damage.
You barely miss the worker ant.
The worker ant is severely wounded.
The worker ant closely misses you.
You barely miss the worker ant.
The worker ant is severely wounded.
You feel sick. The worker ant barely misses you.
You barely miss the worker ant.
The worker ant is severely wounded.
The worker ant closely misses you.
You completely miss the worker ant.
The worker ant is severely wounded.
You feel sick. The worker ant bites you.
* * * LOW HITPOINT WARNING * * *
You hit the worker ant.
The worker ant is almost dead.
The worker ant bites you.
You die...

#..#.#.###.###......#.##
#..#.#.#...#.#..###.#...
#..###.###.#.#.## #.####
#..............####.####
#.......................
##.###.###.###..########
#.#.#.#.# #....#
#.#.#.#.#.###..#
#.....@a.......#
###########....# ######


You could see a worker ant.

Vanquished Creatures
  An orc wizard (D:3)
  An adder (D:3)
  An ooze (D:1)
  A worm (D:3)
  4 orcs (D:3)
  3 ball pythons
  5 bats
  A bat skeleton (D:2)
  2 giant cockroaches (D:1)
  3 goblins (D:1)
  4 hobgoblins
  3 frilled lizards (D:1)
  3 kobolds
  5 rats
37 creatures vanquished.

Notes
Turn   | Place    | Note
-------+----------+-------------------------------------------
     0 | D:1      | robertstho the Merfolk Monk began the quest for the Orb.
     0 | D:1      | Reached XP level 1. HP: 18/18 MP: 1/1
    41 | D:1      | Reached XP level 2. HP: 8/24 MP: 2/2
   411 | D:1      | Reached skill level 5 in Polearms
   600 | D:1      | Reached XP level 3. HP: 24/29 MP: 3/3
  1002 | D:2      | Found a shattered altar of Ashenzari.
  1131 | D:2      | You fall into a shaft and drop 1 floor!
  1381 | D:3      | Reached XP level 4. HP: 20/37 MP: 4/4
  1752 | D:3      | Slain by a worker ant

Levels and vault maps discovered:
D:1:      lemuel_arrival_rhombus, layout_basic, kennysheep_pointless_box,
          palyth_stone_intersect
D:2:      layout_loops_ring, lemuel_round_altar, first_ration, serial_undead,
          serial_undead_b, serial_undead_d, serial_undead_f, serial_undead_c
D:3:      layout_loops_ring, minmay_misc_feat_nine_boxes, grunt_ministairs_14

Skill      XL: |  1  2 |
---------------+-------+-----
Polearms       | 5 |  5.8
Fighting       | |  3.8
Dodging        | |  4.9
Stealth        | |  2.5

Action                   |  1- 3 |  4- 6 || total
-------------------------+-------+-------++-------
Melee: Spear             |   109 |    49 ||   158
 Stab: Sleeping          |     3 |       ||     3
  Eat: Chunk             |     1 |     1 ||     2
Armor: Robe              |    10 |     3 ||    13
Dodge: Dodged            |    74 |    23 ||    97

Table legend:
 A = Non-vault XP
 B = Vault XP
 C = Vault XP percentage of total XP
 D = Non-vault monster count
 E = Vault monster count
 F = Vault count percentage of total count
                 A         B        C        D         E       F
            +---------+---------+-------+---------+---------+-------
      Total |      65 |      48 |  42.5 |      30 |       7 |  18.9
            +---------+---------+-------+---------+---------+-------
        D:1 |      37 |       0 |   0.0 |      22 |       0 |   0.0
        D:2 |       2 |       2 |  50.0 |       2 |       1 |  33.3
        D:3 |      26 |      46 |  63.9 |       6 |       6 |  50.0
            +---------+---------+-------+---------+---------+-------
